 Dungeon Crawl Stone Soup version 0.19-a0-1493-gd0fcaa6 (webtiles) character file.

15 Leszczynek the Grave Robber (level 2, 0/28 HPs)
             Began as an Ogre Necromancer on Sept 9, 2016.
             Succumbed to an adder's poison
             ... on level 2 of the Dungeon.
             The game lasted 00:02:07 (489 turns).

Leszczynek the Grave Robber (Ogre Necromancer)       Turns: 489, Time: 00:02:07

Health: 0/28       AC:  3    Str: 12    XL:     2   Next: 50%
Magic:  0/5        EV: 10    Int: 14    God:
Gold:   62         SH:  0    Dex: 10    Spells: 2 memorised, 3 levels left

rFire  + . .     SeeInvis .     c - +0 short sword
rCold  . . .     Gourm    .     a - +0 robe
rNeg   . . .     Faith    .     (no shield)
rPois  .         Spirit   .     (helmet restricted)
rElec  .         Dismiss  .     (no cloak)
rCorr  .         Reflect  .     (gloves unavailable)
MR     .....     Harm     .     (boots unavailable)
Stlth  +.........               (no amulet)
                                (no ring)
                                h - ring of protection from fire

@: lethally poisoned (0 -> -4)
A: unfitting armour, tough skin 1
a: no special abilities


You were on level 2 of the Dungeon.
You were not hungry.

You visited 1 branch of the dungeon, and saw 2 of its levels.

You collected 62 gold pieces.

Inventory:

Hand Weapons
 c - a +0 short sword (weapon)
 e - a cursed +0 club
Armour
 a - a +0 robe (worn)
Jewellery
 h - a ring of protection from fire (left hand)
Scrolls
 g - 2 scrolls of amnesia {unknown}
Books
 b - a book of Necromancy

   Spells                             Type                      Level
   a - Pain                           Necromancy                   1
   b - Animate Skeleton               Necromancy                   1
   c - Vampiric Draining              Necromancy                   3
   d - Regeneration                   Charms/Necromancy            3
   e - Animate Dead                   Necromancy                   4
   f - Control Undead                 Necromancy                   4
Comestibles
 d - a bread ration
 f - 7 chunks of flesh


   Skills:
 - Level 2.0 Fighting
 + Level 1.6 Maces & Flails
 - Level 1.7 Dodging
 - Level 1.5 Stealth
 - Level 2.4 Spellcasting
 - Level 2.9 Necromancy


You had 3 spell levels left.
You knew the following spells:

 Your Spells              Type           Power        Failure   Level  Hunger
a - Pain                  Necr           ##..         10%         1    #......
b - Animate Skeleton      Necr           N/A          10%         1    #......


Dungeon Overview and Level Annotations

Branches:
Dungeon (2/15)

Altars:


Innate Abilities, Weirdness & Mutations

You are too large for most types of armour.
You have tough skin. (AC +1)


Message History

Casting: Pain
Confirm with . or Enter, or press ? or * to list all spells.
Aiming: Pain
Press: ? - help, Shift-Dir - straight line, f/p - adder
Aim: an adder (severely wounded, chance to defeat MR: 71%)
The adder struggles to resist.
The adder bites you.
* * * LOW HITPOINT WARNING * * *
Your hobgoblin skeleton misses the adder.
The adder bites you.
* * * LOW HITPOINT WARNING * * *
Unknown command.
You barely miss the adder.
The adder is severely wounded.
The adder bites you.
* * * LOW HITPOINT WARNING * * *
You are lethally poisoned!
The adder poisons you!
You closely miss the adder.
The adder is severely wounded.
You die...

#... ... #... .. #...
.. ###' . . #. #. #.
########.
#.#.##########.....##.
#...SZ.........###.##.
#...@.........# #.##.
#............## #....
##>..........# #####
...............#
################
###### #..... #.....
#..... #.....


You could see an adder and a friendly hobgoblin skeleton.

Vanquished Creatures
  2 giant geckos (D:1)
  A goblin (D:1)
  3 hobgoblins (D:2)
  2 giant newts (D:2)
  3 kobolds (D:1)
  A rat (D:1)
12 creatures vanquished.

Notes
Turn   | Place    | Note
-------+----------+-------------------------------------------
     0 | D:1      | Leszczynek the Ogre Necromancer began the quest for the Orb.
     0 | D:1      | Reached XP level 1. HP: 16/16 MP: 3/3
     2 | D:1      | Learned a level 1 spell: Animate Skeleton
    50 | D:1      | Reached skill level 1 in Fighting
   156 | D:1      | Reached skill level 2 in Fighting
   259 | D:1      | Reached XP level 2. HP: 17/28 MP: 1/5
   323 | D:1      | Reached skill level 1 in Maces & Flails
   488 | D:2      | HP: 1/28 [adder (3)]
   489 | D:2      | Succumbed to an adder's poison

Vault maps used:
D:1:      sevenhm_arrival_forest_fort_small_3
D:2:      first_bread, elyvilon_altar_3

Skill      XL: |  1  2 |
---------------+-------+-----
Fighting       | 2 |  2.0
Maces & Flails | 1 |  1.6
Dodging        | |  1.7
Stealth        | |  1.5
Spellcasting   | |  2.4
Necromancy     | |  2.9

Action                   || total
-------------------------++-------
Melee: Short sword       ||    33
 Cast: Pain              ||    18
       Animate Skeleton  ||     1
 Stab: Sleeping          ||     1
Armor: Robe              ||     7
Dodge: Dodged            ||    25
